 Dungeon Crawl Stone Soup version 0.21.1-1-g345015fe64 (webtiles) character file.

135 DildoBatman the Sneak (level 5, -2/41 HPs)
             Began as a Formicid Wizard on May 1, 2018.
             Slain by an orc priest
             ... wielding a +0 spear
              (4 damage)
             ... on level 3 of the Dungeon.
             The game lasted 00:06:57 (2438 turns).

DildoBatman the Sneak (Formicid Wizard)             Turns: 2438, Time: 00:06:57

Health: -2/41      AC:  7    Str: 11    XL:     5   Next: 41%
Magic:  1/9        EV: 11    Int: 19    God:
Gold:   152        SH:  0    Dex:  9    Spells: 9/10 levels left

rFire    . . .     SeeInvis +   f - +0 mace
rCold    . . .     Gourm    .   (no shield)
rNeg     . . .     Faith    .   g - +3 leather armour
rPois    .         Spirit   .   (helmet unavailable)
rElec    .         Reflect  .   (no cloak)
rCorr    .         Harm     .   h - +0 pair of gloves
MR       .....                  (no boots)
Stlth    ++........             (no amulet)
HPRegen  0.13/turn              (no ring)
MPRegen  0.11/turn              (no ring)

@: no status effects
A: permanent stasis, dig shafts and tunnels, four strong arms, antennae 3
a: Dig, Shaft Self


You were on level 3 of the Dungeon.
You were hungry.

You visited 1 branch of the dungeon, and saw 3 of its levels.

You collected 152 gold pieces.

Inventory:

Hand Weapons
 f - a +0 mace (weapon)
 s - a cursed -2 hunting sling
Missiles
 d - 9 poisoned needles
 i - 34 sling bullets
 l - 62 stones (quivered)
 r - 43 bolts
 x - 37 arrows
Armour
 g - a +3 leather armour (worn)
 h - a +0 pair of gloves (worn)
 k - a +0 large shield
Scrolls
 a - a scroll of fear {unknown}
 c - a scroll of amnesia {unknown}
 e - a scroll of enchant weapon {unknown}
 j - 4 scrolls of teleportation {unknown}
 o - 2 scrolls of identify {unknown}
 q - 3 scrolls of blinking {unknown}
 t - a scroll of fog {unknown}
 y - 2 scrolls of enchant armour {unknown}
Potions
 m - a potion of lignification {unknown}
 n - a potion of haste {unknown}
 u - a potion of cancellation {unknown}
 w - a potion of curing {unknown}
 z - a potion of heal wounds {unknown}
 A - a potion of agility {unknown}
 B - a potion of flight {unknown}
 C - a potion of degeneration {unknown}
Books
 b - a book of Minor Magic

   Spells                             Type                      Level
   a - Magic Dart                     Conjuration                  1
   b - Blink                          Translocation                2
   c - Call Imp                       Summoning                    2
   d - Slow                           Hexes                        2
   e - Conjure Flame                  Conjuration/Fire             3
   f - Mephitic Cloud                 Conjuration/Poison/Air       3
Comestibles
 v - 6 rations


   Skills:
 - Level 3.1 Fighting
 * Level 1.9 Armour
 - Level 2.0 Dodging
 * Level 3.6 Stealth
 - Level 3.2 Spellcasting
 - Level 2.0 Conjurations
   Level 1.0 Summonings
   Level 0.8 Translocations


You had 9 spell levels left.
You knew the following spells:

 Your Spells              Type           Power        Failure   Level  Hunger
c - Magic Dart            Conj           ##..         9%          1    None


Dungeon Overview and Level Annotations

Branches:
Dungeon (3/15)

Altars:
Ashenzari
Fedhas
Yredelemnul
The Shining One

Annotations:
D:1 Natasha
D:2 1 exclusion


Innate Abilities, Weirdness & Mutations

You cannot be hasted, slowed, berserked, paralysed or teleported.
You can dig through walls and to a lower floor.
Your four strong arms can wield two-handed weapons with a shield.
You have a pair of large antennae on your head. (SInv)


Message History

Press: ? - help, Shift-Dir - straight line, f/p - orc priest
Aim: an orc priest, wielding a spear and wearing a chain mail (moderately wounded)
The magic dart hits the orc priest.
The orc priest is moderately wounded.
The orc priest hits you with a spear.
You hit the orc priest.
The orc priest is moderately wounded.
The orc priest closely misses you.
You hit the orc priest but do no damage.
The orc priest is moderately wounded.
The orc priest closely misses you. The orc priest hits you with a spear.
You hit the orc priest.
The orc priest is heavily wounded.
The orc priest mumbles some strange prayers to Beogh against you.
You struggle to resist.
You hit the orc priest.
The orc priest is heavily wounded.
The orc priest hits you with a spear.
You die...

## ... ##### #.. .....
###.# #### ##@#.# ##
#o##.# ####. #.###{#.# #.
...#.... #.......# #.
#...#.#..
###########.###.##........
#................#..##.#..
#.########................
#.# ##.....###..#........
#.# #....>...............


You could see an orc priest.

Vanquished Creatures
  A howler monkey (D:3)
  A gnoll (D:1)
  2 adders (D:2)
  An ooze (D:1)
  A worm (D:2)
  A dart slug (D:2)
  A leopard gecko (D:3)
  10 bats
  6 giant cockroaches
  6 hobgoblins
  A ball python (D:2)
  3 frilled lizards
  12 goblins
  3 kobolds
  7 rats
56 creatures vanquished.

Notes
Turn   | Place    | Note
-------+----------+-------------------------------------------
     0 | D:1      | DildoBatman the Formicid Wizard began the quest for the Orb.
     0 | D:1      | Reached XP level 1. HP: 13/13 MP: 4/4
    44 | D:1      | Reached skill level 1 in Conjurations
   130 | D:1      | Reached skill level 1 in Fighting
   130 | D:1      | Reached XP level 2. HP: 21/21 MP: 0/6
   335 | D:1      | Reached XP level 3. HP: 25/27 MP: 4/7
   898 | D:2      | Noticed Natasha
  1363 | D:2      | Reached XP level 4. HP: 12/34 MP: 2/8
  1936 | D:3      | Found a shattered altar of Ashenzari.
  1939 | D:3      | Found a basalt altar of Yredelemnul.
  1940 | D:3      | Found a blossoming altar of Fedhas.
  1940 | D:3      | Found a glowing golden altar of the Shining One.
  2075 | D:3      | Reached skill level 1 in Armour
  2075 | D:3      | Reached XP level 5. HP: 19/41 MP: 0/9
  2434 | D:3      | HP: 2/41 [orc priest/spear (2)]
  2438 | D:3      | Slain by an orc priest

Skill      XL: |  1  2  3  4 |
---------------+-------------+-----
Conjurations   | 1 2 |  2.0
Fighting       | 1 2 3 |  3.1
Dodging        | 2 |  2.0
Armour         | 1 |  1.9
Stealth        | 3 |  3.6
Spellcasting   | |  3.2
Summonings     | |  1.0
Translocations | |  0.8

Action                   |  1- 3 |  4- 6 || total
-------------------------+-------+-------++-------
Melee: Short sword       |    39 |       ||    39
       Mace              |     9 |    30 ||    39
 Cast: Magic Dart        |    75 |    64 ||   139
 Abil: Dig               |     1 |     1 ||     2
  Eat: Chunk             |     1 |     3 ||     4
Armor: Leather armour    |    22 |    19 ||    41
Dodge: Dodged            |    30 |    32 ||    62
